Unix NetHack Version 3.7.0-53 Work-in-progress - last build Apr 18 2022 03:42:42 (02b85442fffe0e2954e411e09df771b56fe27bbc,branch:master). Game began 2022-04-17 13:19:35, ended 2022-04-24 12:42:26. Wertik, lawful male human Knight +# # # # # # ## ----------- #### --------+- |....{....| # ## |.........####|.........| # # |....<...| #-.).......| #---|--- |........| |.........-## #.)@..^- |........-####----------- #### |.....| |........| ###......| ---------- ------- Wertik the Esquire St:16 Dx:9 Co:13 In:8 Wi:14 Ch:17 Lawful S:1182 Dlvl:6 $:90 HP:0(41) Pw:34(34) AC:3 Xp:5/193 T:2885 Blind Latest messages: You miss it. It bites! You hit it. It bites! You feel feverish. You miss it. It just misses! You miss it. It misses! You hit it. Something growls! You feel hemmed in. It bites! You hit it. It bites! You kill it! # Are you sure you want to pray? [yn] (n) You begin praying to Lugh. It misses! It bites! It bites! You finish your prayer. You feel that Lugh is displeased. You kill it! Wait! There's something there you can't see! It bites! You miss it. It bites! You miss it. It misses! You miss it. It bites! You hit it. It bites! The stairs are solidly fixed to the floor. You climb up the stairs. You feel an unseen monster! It just misses! It bites! It misses! You miss it. It misses! It bites! You die... Do you want your possessions identified? [ynq] (y) Do you want to see your attributes? [ynq] (y) Do you want an account of creatures vanquished? [ynaq] (y) Do you want to see your conduct and achievements? [ynq] (y) Do you want to see the dungeon overview? [ynq] (y) Major events: Turn 1: Wertik the lawful male human Knight entered the dungeon 1462: attained the rank of Esquire (level 3) 2885: killed by a rothe Inventory: Coins $ - 90 gold pieces Weapons A - a +0 spear (at the ready) a - a corroded +0 long sword (weapon in hand) Armor d - an uncursed +0 helmet (being worn) i - an uncursed +0 orcish helm f - an uncursed +0 pair of leather gloves (being worn) e - an uncursed +0 small shield (being worn) c - an uncursed +1 ring mail (being worn) Comestibles q - 2 uncursed snowballs g - 12 uncursed apples h - 9 uncursed carrots t - an uncursed food ration s - an uncursed orange D - an uncursed tin of french fried cave spider meat y - an uncursed egg Scrolls n - an uncursed scroll of magic mapping m - 2 uncursed scrolls of remove curse Potions k - an uncursed potion of confusion p - an uncursed potion of monster detection C - a blessed potion of paralysis z - an uncursed potion of see invisible o - 2 uncursed potions of sickness Tools l - an uncursed wooden flute Gems/Stones B - 2 uncursed worthless pieces of black glass w - an uncursed worthless piece of white glass Wertik the Knight's attributes: Background: You were an Esquire, a level 5 male human Knight. You were lawful, on a mission for Lugh who was opposed by Brigit (neutral) and Manannan Mac Lir (chaotic). You were in the Dungeons of Doom, on level 6. You entered the dungeon 2885 turns ago. You had 193 experience points, 127 more were needed to attain level 6. Your score was 1182 before end-of-game adjustments. Basics: You had 0 out of 41 hit points. You had all 34 energy points (spell power). Your armor class was 3. Your wallet contained 90 zorkmids. Autopickup was on for '$?!/="+' plus thrown, with exceptions. Final Characteristics: Your strength was 16 (limit:18/100). Your dexterity was 9 (limit:18). Your constitution was 13 (limit:18). Your intelligence was 8 (limit:18). Your wisdom was 14 (limit:18). Your charisma was 17 (limit:18). Final Status: You were temporarily blind. You were not hungry. You were unencumbered. You were wielding a long sword. You had basic skill with long sword. Final Attributes: You were piously aligned. You were level-drain resistant. You could jump. You were warded. You were a werejackal. You were harmed by silver. You were unlucky. You are dead. Miscellaneous: You disabled loading of bones levels. Total elapsed playing time was 1 hour, 50 minutes and 21 seconds. Vanquished creatures: a pony a yellow light a shrieker a giant ant a kitten a kobold leader a kobold shaman 2 rothes a rabid rat a werejackal an iguana a killer bee 2 acid blobs a giant rat 2 garter snakes a gnome zombie 2 geckos 6 jackals a fox 2 kobolds a goblin 2 grid bugs a lichen 2 kobold zombies 6 newts 42 creatures vanquished. No species were genocided or became extinct. Voluntary challenges: You read items or engraved 3 times. You never engraved Elbereth. You never genocided any monsters. You never polymorphed an object. You never changed form. You used no wishes. Achievements: You entered a shop. You attained the rank of Esquire. The Dungeons of Doom: levels 1 to 7 Level 1: Some fountains. Level 2: "vault" A scroll shop, some fountains. Level 3: A fountain. Level 4: A potion shop. Level 5: Some fountains. Level 6: <- You were here. A fountain. Final resting place for you, killed by a rothe. Level 7: Game over: ---------- / \ / REST \ / IN \ / PEACE \ / \ | Wertik | | 90 Au | | killed by a | | rothe | | | | | | 2022 | *| * * * | * _________)/\\_//(\/(/\)/\//\/|_)_______ Fare thee well Wertik the Knight... You died in The Dungeons of Doom on dungeon level 6 with 1173 points, and 90 pieces of gold, after 2885 moves. You were level 5 with a maximum of 41 hit points when you died.